Map: Triton LE

Players

Chode - Winner!

  • Race: Terran Terran
  • League: Platinum
  • Spawn Location: 11:00

Ratl

  • Race: Protoss Protoss
  • Spawn Location: 5:00

VOD

Have the link to the VOD?

Description

Time

  • Played on: Dec. 21, 2019, 10:11 a.m.
  • Length: 7:57
Show
View Real Time Build Order
Export as new Build Order

Chode Terran - Winner!

Build Orders:  

Get SALT Encoding   

  12  0:01  SCV  
  13  0:13  SCV  
  14  0:20  Supply Depot  
  14  0:25  SCV  
  15  0:40  Refinery  
  15  0:42  SCV  
  16  0:48  Barracks  
  16  0:54  SCV  
  17  1:06  SCV  
  18  1:18  SCV  
  19  1:30  SCV  
  20  1:38  Barracks Reactor  
  20  1:39  Supply Depot  
  20  1:44  Orbital Command  
  20  1:57  Command Center  
  20  2:08  Refinery  
  20  2:11  SCV  
  21  2:16  Factory  
  21  2:18  Marine  
  21  2:20  Marine  
  23  2:26  SCV  
  24  2:36  Marine  
  25  2:37  Marine  
  25  2:43  SCV  
  27  2:50  Barracks  
  27  2:54  Barracks  
  27  2:56  Marine x2  
  29  2:58  SCV  
  30  3:08  Starport  
  30  3:13  Widow Mine  
  32  3:22  Orbital Command  
  32  3:41  Factory Tech Lab  
  32  3:45  Starport Tech Lab  
  32  3:51  Engineering Bay  
  32  3:52  SCV  
  33  3:58  Marine x2  
  35  4:14  SCV  
  35  4:16  Marine x2  
  38  4:24  Factory Reactor, Terran Infantry Weapons Level 1  
  38  4:27  Starport Reactor  
  38  4:29  Stimpack  
  38  4:32  Combat Shield  
  38  4:34  Marine x2  
  40  4:40  Missile Turret  
  37  4:52  Marine x2  
  38  5:03  Hellion x2  
  38  5:06  Medivac x2  
  46  5:09  Marine  
  46  5:10  Marine  
  46  5:25  Supply Depot  
  46  5:27  Marine  
  46  5:37  Supply Depot  
  46  5:38  Marine, Medivac, Hellion x2  
  53  5:46  Medivac  
  53  5:47  Supply Depot  
  55  5:53  SCV  
  56  5:59  Refinery  
  56  6:00  Hellion x2  
  60  6:05  SCV  
  60  6:09  SCV, Supply Depot  
  62  6:15  Marine x2  
  62  6:16  Marine x2  
  62  6:18  SCV  
  67  6:21  SCV  
  68  6:30  SCV  
  68  6:31  Supply Depot  
  69  6:33  Marine x2, SCV  
  69  6:34  Marine x2  
  74  6:51  Marine x2  
  74  6:52  Marine x2  
  78  7:09  Marine  
Show
View Real Time Build Order
Export as new Build Order

Ratl Protoss 

Build Orders:  

Get SALT Encoding   

  12  0:02  Probe  
  13  0:14  Probe  
  14  0:21  Pylon  
  14  0:26  Probe (Chrono Boost)  
  15  0:38  Probe (Chrono Boost)  
  16  0:46  Gateway  
  16  0:48  Probe  
  17  0:59  Assimilator  
  17  1:00  Probe  
  18  1:12  Probe  
  18  1:13  Gateway  
  19  1:21  Assimilator  
  19  1:24  Probe  
  20  1:36  Probe  
  21  1:42  Cybernetics Core  
  21  1:49  Probe  
  21  2:01  Probe  
  22  2:06  Pylon  
  22  2:08  Pylon  
  22  2:13  Probe  
  23  2:25  Probe  
  24  2:32  Robotics Facility  
  24  2:34  Stalker  
  26  2:37  Probe  
  26  2:39  Warp Gate (Chrono Boost)  
  27  2:49  Probe  
  28  2:54  Stalker  
  30  3:01  Probe  
  31  3:13  Stalker  
  33  3:23  Nexus, Stalker  
  35  3:29  Probe  
  37  3:44  Observer  
  37  3:56  Pylon  
  37  4:08  Pylon  
  37  4:23  Immortal  
  41  4:28  Stalker x2  
  43  5:09  Probe x2  
  45  5:21  Probe  
  46  5:28  Probe  
  47  5:40  Probe (Chrono Boost)  
  48  5:47  Immortal  
  48  5:49  Probe (Chrono Boost)  
  53  5:52  Probe (Chrono Boost)  
  55  5:57  Probe x2 (Chrono Boost)  
  55  5:59  Forge  
  55  6:01  Forge  
  55  6:03  Pylon  
  56  6:07  Probe (Chrono Boost), Gateway  
  56  6:08  Gateway  
  56  6:10  Probe (Chrono Boost), Gateway  
  58  6:12  Gateway  
  58  6:14  Gateway  
  59  6:19  Probe (Chrono Boost), Assimilator  
  59  6:21  Assimilator  
  59  6:25  Probe x2 (Chrono Boost)  
  60  6:27  Immortal, Stalker  
  60  6:28  Stalker  
  60  6:32  Probe  
  70  6:33  Twilight Council  
  70  6:43  Pylon  
  70  6:44  Probe, Pylon  
  71  6:47  Shield Battery  
  71  6:56  Probe  
  72  7:11  Nexus  
  72  7:12  Pylon  
  72  7:13  Stalker  
  72  7:14  Stalker  
  74  7:15  Pylon  
  74  7:21  Stalker  
  74  7:22  Stalker  
  68  7:27  Stalker  
  68  7:28  Stalker  
  53  7:38  Zealot x3  
  53  7:43  Stalker  
Tags
 
League
Platinum
Matchup
PvT
Spawn Locations
Cross Positions
Add a new tag
Caveats
  • Supply blocks, unpowered buildings, or Contaminate may cause inaccurate times.
  • Supply counts are checked every 10 seconds.